 Dungeon Crawl Stone Soup version 0.24-a0-725-gf1a930fc54 (webtiles) character file.

Game seed: 2774953597315480260, levelgen mode: deterministic

88 DevastatorOne the Chopper (level 4, 0/35 HPs)
             Began as a Demonspawn Fighter on Oct 1, 2019.
             Slain by a hobgoblin (2 damage)
             ... led by Robin
             ... on level 2 of the Dungeon.
             The game lasted 00:01:41 (1087 turns).

DevastatorOne the Chopper (Demonspawn Fighter)      Turns: 1087, Time: 00:01:41

Health: 0/35       AC:  6    Str: 22    XL:     4   Next: 29%
Magic:  4/4        EV: 12    Int: 14    God:
Gold:   98         SH: 10    Dex: 18    Spells: 3/3 levels left

rFire    . . .     SeeInvis .   a - +0 war axe
rCold    . . .     Gourm    .   c - +0 shield
rNeg     . . .     Faith    .   b - +0 scale mail
rPois    .         Spirit   .   (helmet restricted)
rElec    .         Reflect  .   (no cloak)
rCorr    .         Harm     .   (no gloves)
MR       .....                  (no boots)
Stlth    +.........             (no amulet)
HPRegen  0.11/turn              (no ring)
MPRegen  0.09/turn              (no ring)

@: mighty, brilliant, agile, lethally poisoned (0 -> -7)
A: horns 2
a: no special abilities


You were on level 2 of the Dungeon.
You were not hungry.

You visited 1 branch of the dungeon, and saw 2 of its levels.

You collected 98 gold pieces.

Inventory:

Hand Weapons
 a - a +0 war axe (weapon)
Armour
 b - a +0 scale mail (worn)
 c - a +0 shield (worn)
Jewellery
 e - an uncursed ring of flight {unknown}
Scrolls
 g - 5 scrolls of remove curse {unknown}
 h - 2 scrolls of enchant weapon {unknown}
 i - a scroll of enchant armour {unknown}
 k - a scroll of identify {unknown}
 m - a scroll of amnesia {unknown}
 n - a scroll of random uselessness {unknown}
Potions
 l - a potion of agility
Comestibles
 f - 5 rations


   Skills:
 - Level 3.0 Fighting
 + Level 4.2 Axes
 - Level 2.6 Armour
 - Level 2.6 Shields


You had 3 spell levels left.
You didn't know any spells.
Your spell library was empty.

Dungeon Overview and Level Annotations

Branches:
Dungeon (2/15)

Altars:


Innate Abilities, Weirdness & Mutations

You have a pair of horns on your head.


Message History

The hobgoblin hits you but does no damage.
You hit the hobgoblin.
The hobgoblin is severely wounded.
You feel sick. The hobgoblin hits you.
* * * LOW HITPOINT WARNING * * *
The hobgoblin hits you but does no damage.
It was a potion of brilliance.
You feel clever all of a sudden.
* * * LOW HITPOINT WARNING * * *
You feel sick. The hobgoblin hits you.
* * * LOW HITPOINT WARNING * * *
It was a potion of agility.
You feel agile all of a sudden.
* * * LOW HITPOINT WARNING * * *
You feel sick.
The hobgoblin hits you but does no damage.
All of the chunks of flesh in your inventory have rotted away.
You feel very mighty all of a sudden. The hobgoblin hits you.
You die...

# #.. ###.#######################
##................(........
##.#######.########...###########
.††......#.#..............#......
.........#.#.#######.#.........#
.........#.#...................#
.........#.#.######............#
##.#######.#...<@gg............#
##.#######.#.#)####............#
.........#.#.....................
.........#.#.#.####g[..........#.
...............####............#.
......(...(.......#............#
###......(........#g...........
###.....)..(......##.#........
.............(....##.#.......


You could see a hobgoblin and a goblin.

Vanquished Creatures
  Terence (D:2)
  Robin (D:1)
  An ooze (D:2)
  A dart slug (D:1)
  2 giant cockroaches (D:1)
  11 goblins
  4 hobgoblins
  3 jackals (D:2)
  5 bats
  4 frilled lizards
  6 kobolds
  6 rats
45 creatures vanquished.

Notes
Turn   | Place    | Note
-------+----------+-------------------------------------------
     0 | D:1      | DevastatorOne the Demonspawn Fighter began the quest for
                  | the Orb.
     0 | D:1      | Reached XP level 1. HP: 18/18 MP: 1/1
    31 | D:1      | Reached skill level 2 in Axes
   184 | D:1      | Gained mutation: You have a pair of small horns on your
                  | head. [demonic ancestry]
   184 | D:1      | Reached XP level 2. HP: 24/24 MP: 2/2
   563 | D:2      | Reached skill level 3 in Axes
   654 | D:2      | Reached XP level 3. HP: 29/29 MP: 3/3
   794 | D:2      | Noticed Robin
   798 | D:2      | Noticed Terence
   846 | D:1      | Killed Robin
  1077 | D:2      | Killed Terence
  1077 | D:2      | Reached skill level 4 in Axes
  1077 | D:2      | Gained mutation: You have a pair of horns on your head.
                  | [demonic ancestry]
  1077 | D:2      | Reached XP level 4. HP: 22/35 MP: 4/4
  1087 | D:2      | Slain by a hobgoblin

Levels and vault maps discovered:
D:1:      ncdulo_watergridlock, layout_rooms, minmay_misc_feat_iff
D:2:      layout_basic, lemuel_coloured_pillars_altar, st_stairs_4,
          nicolae_dithmenos_shadow_blocks, uniq_terence, uniq_robin

Skill      XL: |  1  2  3 |
---------------+----------+-----
Axes           | 2 3 4 |  4.2
Fighting       | |  3.0
Armour         | |  2.6
Shields        | |  2.6

Action                   |  1- 3 |  4- 6 || total
-------------------------+-------+-------++-------
Melee: War axe           |   101 |     7 ||   108
       Headbutt          |    11 |       ||    11
  Use: Potion            |       |     3 ||     3
  Eat: Chunk             |     1 |       ||     1
Armor: Scale mail        |    72 |     7 ||    79
Dodge: Dodged            |    28 |       ||    28
Block: Shield            |    63 |     2 ||    65

Table legend:
 A = Non-vault XP
 B = Vault XP
 C = Vault XP percentage of total XP
 D = Non-vault monster count
 E = Vault monster count
 F = Vault count percentage of total count
                 A         B        C        D         E       F
            +---------+---------+-------+---------+---------+-------
      Total |      56 |      70 |  55.6 |      32 |      13 |  28.9
            +---------+---------+-------+---------+---------+-------
        D:1 |      26 |      15 |  36.6 |      17 |       1 |   5.6
        D:2 |      30 |      55 |  64.7 |      15 |      12 |  44.4
            +---------+---------+-------+---------+---------+-------
